 Seeded DCSS version 0.27-a0-1191-g601b473118 (webtiles) character file.

Game seed: 1801985361935138449 (custom seed)

79 flotson the Covert (level 4, -18/41 HPs)
             Began as a Gnoll Delver on May 25, 2021.
             Demolished by an ogre
             ... wielding a +0 giant spiked club
              (24 damage)
             ... on level 5 of the Dungeon.
             The game lasted 00:02:12 (368 turns).

flotson the Covert (Gnoll Delver)                    Turns: 368, Time: 00:02:14

Health: -18/41     AC:  3    Str: 13    XL:     4   Next: 37%
Magic:  5/5        EV: 13    Int:  9    God:
Gold:   13         SH:  0    Dex: 13    Spells: 5/5 levels left

rFire    . . .     SeeInvis .   a - +0 spear
rCold    . . .     Faith    .   (no shield)
rNeg     . . .     Spirit   .   b - +0 leather armour
rPois    .         Reflect  .   (no helmet)
rElec    .         Harm     .   (no cloak)
rCorr    .         Rampage  .   (no gloves)
Will     .....                  (no boots)
Stlth    ++++......             (no amulet)
HPRegen  0.13/turn              (no ring)
MPRegen  0.09/turn              (no ring)

@: no status effects
A: fangs 1, strong nose, distributed training
a: no special abilities


You were on level 5 of the Dungeon.
You visited 1 branch of the dungeon, and saw 1 of its levels.

You collected 13 gold pieces.

Inventory:

Hand Weapons
 a - a +0 spear (weapon)
Armour
 b - a +0 leather armour (worn)
Wands
 g - a wand of digging (2)
Scrolls
 c - a scroll of fog
 d - a scroll of magic mapping


   Skills:
 + Level 6.6 Fighting
 + Level 1.1 Short Blades
 + Level 1.1 Long Blades
 + Level 1.1 Axes
 + Level 1.1 Maces & Flails
 + Level 4.6 Polearms
 + Level 1.1 Staves
 + Level 1.1 Slings
 + Level 1.1 Bows
 + Level 1.1 Crossbows
 + Level 1.1 Throwing
 + Level 1.1 Armour
 + Level 4.6 Dodging
 + Level 9.6 Stealth
 + Level 1.1 Shields
 + Level 1.1 Unarmed Combat
 + Level 1.1 Spellcasting
 + Level 0.8 Conjurations
 + Level 0.8 Hexes
 + Level 0.8 Summonings
 + Level 0.8 Necromancy
 + Level 0.8 Translocations
 + Level 0.8 Transmutations
 + Level 0.8 Fire Magic
 + Level 0.8 Ice Magic
 + Level 0.8 Air Magic
 + Level 0.8 Earth Magic
 + Level 0.8 Poison Magic
 + Level 1.2 Invocations
 + Level 1.1 Evocations


You had 5 spell levels left.
You didn't know any spells.
Your spell library contained the following spells:

 Spells                   Type           Power      Damage    Failure   Level
 Summon Small Mammal      Summ           8%         N/A       32%         1
 Call Imp                 Summ           2%         N/A       45%         2
 Call Canine Familiar     Summ           2%         N/A       69%         3
 Summon Guardian Golem    Hex/Summ       2%         N/A       69%         3
 Summon Ice Beast         Ice/Summ       2%         N/A       97%         4
 Summon Lightning Spire   Summ/Air       2%         N/A       97%         4


Dungeon Overview and Level Annotations

Branches:
Dungeon (5/15)
 Temple: D:4-7

Altars:


Innate Abilities, Weirdness & Mutations

You have very sharp teeth.
Your uncanny sense of smell can sniff out nearby items.
Your experience applies equally to all skills.


Message History

The orc looks frightened!
The gnoll sergeant looks frightened!
The gnoll looks frightened! x2
The gnoll shouts!
The ogre looks frightened!
The orc moans, "Oh dear!
Oh dear!"
You enter the shallow water.
Moving in this stuff is going to be slow.
A gnoll comes into view. It is wielding a +0 spear.
The hound barks!
Your extra speed is starting to run out.
A steam dragon comes into view.
You feel yourself slow down.
Reach: a) +0 spear
Press: ? - help, Dir - move target, f - gnoll
Aim: a gnoll, wielding a +0 spear (about 31% to evade your +0 spear)
You reach to attack!
You hit the gnoll.
The gnoll is lightly wounded.
Unknown command.
Reach: a) +0 spear
Press: ? - help, Dir - move target, f/p - gnoll
Aim: a gnoll, wielding a +0 spear (lightly wounded, about 31% to evade your +0 spear)
You reach to attack!
You closely miss the gnoll.
The gnoll is lightly wounded.
The gnoll hits you from afar with a +0 spear.
The gnoll closely misses you.
The gnoll hits you from afar with a +0 spear.
The dart slug seems to regain its courage.
The ogre barely misses you.
Aiming: Dig
Press: ? - help, Shift-Dir - straight line, p - gnoll The rock shatters into small pieces.
The steam dragon hisses angrily.
The ogre barely misses you. The steam dragon breathes steam at you.
The ball of steam hits you!
* * * LOW HITPOINT WARNING * * *
The gnoll closely misses you.
The ogre hits you with a +0 giant spiked club!!
Ouch! That really hurt!
You die...

#..≈†≈≈≈≈≈...≈≈≈
#...≈≈≈≈≈≈.<⌠≈≈≈
#..≈≈≈D≈≈≈?.$#≈ .....#
##.≈≈§≈#≈g≈=≈≈≈≈ .....#
##.#§#≈≈w≈≈.≈#≈≈ .....#
#....≈≈≈≈≈..≈.≈≈ .....#
#.g§#≈#≈≈≈..$≈≈≈ .....#
∆ ♣#.§###≈≈≈≈≈≈≈≈≈≈
.....#
♣.@..###.≈≈#≈≈≈≈.
.....#
##O...#.##≈≈.≈≈##
.....###########..#...#
#....
..................#####
### #######..........>#
#############


You could see an ogre and a gnoll.

Vanquished Creatures
  A howler monkey (D:5)
  A bullfrog skeleton (D:5)
  An adder skeleton (D:5)
  3 dart slugs (D:5)
  A quokka (D:5)
7 creatures vanquished.

Notes
Turn   | Place    | Note
-------+----------+-------------------------------------------
     0 | D:5      | Reached skill level 9 in Stealth
     0 | D:5      | flotson the Gnoll Delver began the quest for the Orb.
     0 | D:5      | Reached XP level 1. HP: 23/23 MP: 1/1
    66 | D:5      | Reached XP level 2. HP: 15/29 MP: 2/2
   231 | D:5      | Noticed an ogre
   266 | D:5      | Noticed a howler monkey
   311 | D:5      | Killed a howler monkey
   312 | D:5      | Reached skill level 1 in Short Blades
   312 | D:5      | Reached skill level 1 in Long Blades
   312 | D:5      | Reached skill level 1 in Axes
   312 | D:5      | Reached skill level 1 in Maces & Flails
   312 | D:5      | Reached skill level 1 in Staves
   312 | D:5      | Reached skill level 1 in Slings
   312 | D:5      | Reached skill level 1 in Bows
   312 | D:5      | Reached skill level 1 in Crossbows
   312 | D:5      | Reached skill level 1 in Throwing
   312 | D:5      | Reached skill level 1 in Armour
   312 | D:5      | Reached skill level 1 in Shields
   312 | D:5      | Reached skill level 1 in Unarmed Combat
   312 | D:5      | Reached skill level 1 in Spellcasting
   312 | D:5      | Reached skill level 1 in Invocations
   312 | D:5      | Reached skill level 1 in Evocations
   312 | D:5      | Reached XP level 3. HP: 21/35 MP: 2/4
   317 | D:5      | Reached XP level 4. HP: 21/41 MP: 2/5
   329 | D:5      | Noticed a gnoll sergeant
   351 | D:5      | Noticed a steam dragon
   368 | D:5      | Demolished by an ogre

Illustrated notes

Levels and vault maps discovered:
D:5:      kennysheep_slugbush, layout_basic,
          minmay_temple_entry_drinking_statues, uniq_crazy_yiuf_cottage

Skill      XL: |  1  2 |
---------------+-------+-----
Stealth        | |  9.6
Short Blades   | 1 |  1.1
Long Blades    | 1 |  1.1
Axes           | 1 |  1.1
Maces & Flails | 1 |  1.1
Staves         | 1 |  1.1
Slings         | 1 |  1.1
Bows           | 1 |  1.1
Crossbows      | 1 |  1.1
Throwing       | 1 |  1.1
Armour         | 1 |  1.1
Shields        | 1 |  1.1
Unarmed Combat | 1 |  1.1
Spellcasting   | 1 |  1.1
Invocations    | 1 |  1.2
Evocations     | 1 |  1.1
Fighting       | |  6.6
Polearms       | |  4.6
Dodging        | |  4.6
Conjurations   | |  0.8
Hexes          | |  0.8
Summonings     | |  0.8
Necromancy     | |  0.8
Translocations | |  0.8
Transmutations | |  0.8
Fire Magic     | |  0.8
Ice Magic      | |  0.8
Air Magic      | |  0.8
Earth Magic    | |  0.8
Poison Magic   | |  0.8

Action                   |  1- 3 |  4- 6 || total
-------------------------+-------+-------++-------
Melee: Spear             |    45 |     2 ||    47
       Bite              |     8 |       ||     8
Evoke: Wand              |       |     1 ||     1
  Use: Potion            |     1 |       ||     1
       Scroll            |       |     1 ||     1
 Stab: Sleeping          |     1 |       ||     1
Armor: Leather armour    |     2 |       ||     2
Dodge: Dodged            |    14 |     4 ||    18

Table legend: (Time is in decaauts)
 A = Elapsed time spent in this place.
 B = Non-inter-level travel time spent in this place.
 C = Inter-level travel time spent in this place.
 D = Time resting spent in this place.
 E = Time spent auto-exploring this place.
 F = Levels seen in this place.
 G = Mean time per level.
                   A        B        C        D        E       F      G
               +--------+--------+--------+--------+--------+-----+--------+
         Total |    352 |    352 |      0 |    187 |      4 |   1 |  352.0 |
       Dungeon |    352 |    352 |      0 |    187 |      4 |   1 |  352.0 |
               +--------+--------+--------+--------+--------+-----+--------+

Top non-repeatable levels by time:
     D:5: 352 daAuts
